 Dungeon Sprint DCSS version bcrawl-1.27.1d (webtiles) character file.

Game seed: 3964099389202249085

1100000 Freyura the Warrior (level 12, 116/116 HPs)
             Began as a Demonspawn Gladiator on July 27, 2020.
             Was a Follower of Makhleb.
             Got out of the dungeon alive.
             The game lasted 00:01:09 (11 turns).

Freyura the Warrior (Demonspawn Gladiator)            Turns: 11, Time: 00:01:09

Health: 116/116    AC:  4    Str: 15    XL:     12   Next: 96%
Magic:  2/24       EV: 22    Int: 10    God:    Makhleb [*.....]
Gold:   0          SH:  0    Dex: 19    Spells: 11/11 levels left

rFire    . . .     SeeInvis +   l - +∞ Axe of Woe
rCold    + . .     Gourm    .   (shield currently unavailable)
rNeg     . . .     Faith    .   b - +0 leather armour
rPois    .         Spirit   .   (helmet unavailable)
rElec    .         Reflect  .   (no cloak)
rCorr    .         Harm     .   (no gloves)
MR       .....     NoTele   +   (no boots)
Stlth    ++........             (no amulet)
HPRegen  0.29/turn              (no ring)
MPRegen  0.19/turn              (no ring)

@: no status effects
A: antennae 3, claws 2, talons 1, cold resistance 1, nightstalker 1, powered by
death 1
a: Renounce Religion


You escaped.
You worshipped Makhleb.
Makhleb was aware of your devotion.
You were not hungry.

You visited 1 branch

Inventory:

Hand Weapons
 a - a +0 war axe
 l - the +∞ Axe of Woe (weapon)
   (You found it in the Dungeon)
Missiles
 d - 3 throwing nets {=f}
Armour
 b - a +0 leather armour (worn)
 c - a +0 helmet
Jewellery
 m - a +30 ring of slaying
 n - a +30 ring of slaying
Scrolls
 k - a scroll of blinking
Potions
 f - a potion of curing
 g - a potion of heal wounds
 h - a potion of haste
 i - 2 potions of magic
 j - a potion of berserk rage
Comestibles
 e - a ration {!d}


   Skills:
 * Level 17.6 Fighting
 * Level 16.5 Axes
 - Level 1.7 Throwing
 + Level 12.1 Armour
 + Level 12.4 Dodging
 + Level 16.4 Invocations


You had 11 spell levels left.
You didn't know any spells.
Your spell library was empty.

Dungeon Overview and Level Annotations

Branches:
Dungeon (1/1)

Altars:
Makhleb


Innate Abilities, Weirdness & Mutations

You have a pair of large antennae on your head. (SInv)
You have very sharp fingernails.
You have sharp toenails.
Your flesh is cold resistant. (rC+)
You are slightly more attuned to the shadows.
You regenerate a little health from kills.


Message History

Your Dodging skill gained 2 levels and is now at level 12!
Your Invocations skill gained 2 levels and is now at level 16!
You have reached level 12!
Your experience leads to an increase in your attributes!
Increase (S)trength, (I)ntelligence, or (D)exterity?
You feel agile. x2
You hear a shout! x10
You hear a shout! x11
m - a +30 ring of slaying;
n - a +30 ring of slaying
Things that are here:
a +9 war axe x2
You hear a shout! x8
A meat berserker comes into view. It is wielding a +9 battleaxe.
You have encountered a dangerous foe!
You hear a shout! x8
There is a staircase leading out of the dungeon here.
Unknown command.
Are you sure you want to leave the Dungeon?
This will make you lose the game!
You hear a shout! x15; The bag of meat shouts!
You hear a shout!
You have escaped!

..... .. #...
.# { #... ..#
..###... ..###.
......###......
....._......
#.....# #_)@._#
#.....# { {
....._..O...
......###....o.
..###... ..###.
. #... ..# #...
.# ..... ..


You could see a meat berserker (berserk) and a bag of meat.

Vanquished Creatures
  2 orcs (D)
2 creatures vanquished.

Notes
Turn   | Place    | Note
-------+----------+-------------------------------------------
     0 | D        | Found the +∞ Axe of Woe
     0 | D        | Freyura the Demonspawn Gladiator began the quest for the
                  | Orb.
     0 | D        | Reached XP level 1. HP: 16/16 MP: 1/1
     1 | D        | Noticed a bag of meat
     2 | D        | Noticed a bag of meat
     4 | D        | Became a worshipper of Makhleb the Destroyer
     5 | D        | Killed a bag of meat
     5 | D        | Reached skill level 15 in Fighting
     5 | D        | Reached skill level 10 in Armour
     5 | D        | Reached skill level 10 in Dodging
     5 | D        | Gained mutation: You are slightly more attuned to the
                  | shadows. [demonic ancestry]
     5 | D        | Reached XP level 2. HP: 44/44 MP: 1/10
     5 | D        | Gained mutation: You have a pair of small antennae on your
                  | head. [demonic ancestry]
     5 | D        | Reached XP level 3. HP: 50/50 MP: 1/11
     5 | D        | Gained mutation: Your flesh is cold resistant. (rC+)
                  | [demonic ancestry]
     5 | D        | Reached XP level 4. HP: 57/57 MP: 1/13
     5 | D        | Gained mutation: You regenerate a little health from kills.
                  | [demonic ancestry]
     5 | D        | Reached XP level 5. HP: 63/63 MP: 1/14
     5 | D        | Gained mutation: You have a pair of antennae on your head.
                  | [demonic ancestry]
     5 | D        | Reached XP level 6. HP: 70/70 MP: 1/16
     5 | D        | Gained mutation: You have a pair of large antennae on your
                  | head. (SInv) [demonic ancestry]
     5 | D        | Reached XP level 7. HP: 76/76 MP: 1/17
     5 | D        | Gained mutation: You have sharp fingernails. [demonic
                  | ancestry]
     5 | D        | Reached XP level 8. HP: 83/83 MP: 1/18
     5 | D        | Gained mutation: You have very sharp fingernails. [demonic
                  | ancestry]
     5 | D        | Reached XP level 9. HP: 89/89 MP: 1/19
     5 | D        | Reached XP level 10. HP: 97/97 MP: 1/20
     5 | D        | Gained mutation: You have sharp toenails. [demonic
                  | ancestry]
     5 | D        | Reached XP level 11. HP: 103/103 MP: 1/21
     6 | D        | Killed a bag of meat
     6 | D        | Reached * piety under Makhleb
     6 | D        | Reached skill level 17 in Fighting
     6 | D        | Reached XP level 12. HP: 116/116 MP: 1/24
     9 | D        | Noticed a meat berserker
    10 | D        | Noticed a bag of meat
    11 | D        | Got out of the dungeon alive.

Skill      XL: |  1  2  3  4  5  6  7  8  9 10 11 |
---------------+----------------------------------+-----
Fighting       | 15 17 | 17.6
Axes           | 14 16 | 16.5
Armour         | 10 12 | 12.1
Dodging        | 10 12 | 12.4
Invocations    | 14 16 | 16.4
Throwing       | |  1.7

Action                   |  1- 3 |  4- 6 |  7- 9 | 10-12 || total
-------------------------+-------+-------+-------+-------++-------
Melee: Executioner's axe |     1 |       |       |     1 ||     2
